 Dungeon Crawl Stone Soup version 0.32-a0-616-g9348d4545b (webtiles) character file.

Game seed: 15496091919296133297

13613 ezpacito the Chopper (level 12, -10/92 HPs)
             Began as a Coglin Chaos Knight on Mar 6, 2024.
             Was a Plaything of Xom.
             Mangled by a manticore (22 damage)
             ... on level 11 of the Dungeon.
             The game lasted 00:20:21 (12825 turns).

ezpacito the Chopper (Coglin Chaos Knight)         Turns: 12825, Time: 00:20:22

Health: -10/92     AC: 16    Str: 20    XL:     12   Next: 7%
Magic:  20/20      EV: 16    Int:  9    God:    Xom [....*.]
Gold:   115        SH:  0    Dex: 20    Spells: 1/19 levels left

rFire   . . .        E - +4 trident of Premature Burial {flame, rPois rN+ Dex+2}
rCold   . . .        M - +4 scimitar (chaos) {Myungok}
rNeg    + . .        k - +1 acid dragon scales
rPois   +            o - +2 helmet
rElec   .            (no cloak)
rCorr   +            j - +1 pair of gloves
SInv    .            w - +2 pair of boots
Will    +....        (amulet unavailable)
Stlth   +++          (ring unavailable)
HPRegen 0.35/turn    (ring unavailable)
MPRegen 0.17/turn    (no gizmo)

%: no passive effects
@: revved
A: off-hand wielding, slow wielding, warmup strikes, no jewellery, iridescent
scales 1, agile 1, deformed body, high MP 1, strong-willed 1, strong 1,
evolution 1
a: Invent Gizmo, Renounce Religion


You were on level 11 of the Dungeon.
You worshipped Xom.
You were a beloved toy of Xom.
You visited 2 branches of the dungeon, and saw 12 of its levels.

You collected 751 gold pieces.
You spent 636 gold pieces at shops.

Inventory:

Hand Weapons
 a - a +0 hand axe of chaos {Theodoric}
 h - a +1 hand axe of freezing
 l - a +1 quick blade of venom
 p - a +2 demon trident of flaming {Juwon}
 y - a +0 war axe
 E - the +4 trident of Premature Burial (weapon) {flame, rPois rN+ Dex+2}
   (You found it on level 9 of the Dungeon)

   Dex+2:     It affects your dexterity (+2).
   rPois:     It protects you from poison.
   rN+:       It protects you from negative energy.
 I - a +4 dagger of draining {Simosihle}
 M - a +4 scimitar of chaos (offhand) {Myungok}
 N - a +0 battleaxe of flaming
Missiles
 z - 28 poisoned darts
 D - 5 boomerangs (quivered)
 K - 2 curare-tipped darts
Armour
 j - a +1 pair of gloves (worn)
 k - +1 acid dragon scales (worn)
 o - a +2 helmet (worn)
 r - a +2 robe of willpower
 w - a +2 pair of boots (worn)
 J - a +0 plate armour
Wands
 d - a wand of charming (9)
 v - a wand of acid (10)
 A - a wand of flame (8)
 G - a wand of polymorph (6)
 O - a wand of iceblast (9)
Scrolls
 c - 2 scrolls of amnesia
 e - 2 scrolls of vulnerability
 f - a scroll of immolation
 i - 6 scrolls of identify
 n - 3 scrolls of revelation
 u - a scroll of noise
 x - 3 scrolls of fog
Potions
 b - 5 potions of enlightenment
 s - a potion of magic
 B - 4 potions of attraction
 C - 3 potions of brilliance
 H - 3 potions of mutation
 L - 3 potions of cancellation


   Skills:
 * Level 7.8 Fighting
 + Level 2.6(3.4) Short Blades
 * Level 3.7(4.2) Long Blades
 * Level 7.8(8.5) Axes
 + Level 4.4(6.4) Polearms
 * Level 6.5 Armour
 * Level 6.6 Dodging
 - Level 4.0 Stealth
 + Level 4.1 Spellcasting
 + Level 3.8 Necromancy
 + Level 3.6 Translocations
 + Level 2.9 Alchemy
 + Level 6.2 Evocations


You had one spell level left.
You knew the following spells:

 Your Spells              Type           Power      Damage    Failure   Level
a - Kiss of Death         Conj/Necr      20%        2d7       16%         1
b - Lesser Beckoning      Tloc           16%        N/A       12%         2
c - Teleport Other        Tloc           8%         N/A       22%         3
d - Dispel Undead         Necr           8%         3d8       56%         4
e - Mercury Vapours       Alch/Air       8%         N/A       28%         2
f - Gell's Gravitas       Tloc           8%         N/A       22%         3
x - Mephitic Cloud        Conj/Alch/Air  3%         N/A       56%         3

Your spell library contained the following spells:

 Spells                   Type           Power      Damage    Failure   Level
 Confusing Touch          Hex            1%         N/A       71%         3
 Inner Flame              Hex/Fire       1%         N/A       71%         3
 Sticky Flame             Fire/Alch      4%         2d4       88%         4
 Flame Wave               Conj/Fire      1%         2d4       98%         4
 Freezing Cloud           Conj/Ice/Air   0%         6-21      100%        5
 Dispersal                Tloc           4%         N/A       100%        6


Dungeon Overview and Level Annotations

Branches:
Dungeon (11/15)            Temple (1/1) D:4            Lair (0/5) D:10
    Orc: D:9-12

Altars:
Ashenzari
Cheibriados
Dithmenos
Elyvilon
Fedhas
Gozag
Hepliaklqana
Kikubaaqudgha
Makhleb
Nemelex Xobeh
Okawaru
Qazlal
Ru
Sif Muna
Trog
Uskayaw
Vehumet
Wu Jian
Xom
Yredelemnul
Zin
The Shining One

Shops:
D:8 =   D:10 *

Annotations:
D:11 1 transporter, HilariousDeathArtist's ghost, journeyman DsSh


Innate Abilities, Weirdness & Mutations

You can wield a second weapon in your off-hand.
It takes a long time for you to wield or remove held weapons.
Your first few attacks do less damage.
You cannot equip rings or amulets.
You are partially covered in iridescent scales. (AC +2)
You are agile. (Dex +4, Str/Int -1)
Armour fits poorly on your strangely shaped body.
You have an increased reservoir of magic. (+10% MP)
You are strong-willed. (Will+)
Your muscles are strong. (Str +4, Int/Dex -1)
You have hidden genetic potential.


Message History

The kobold demonologist is lightly wounded.
You closely miss the kobold demonologist with the +4 trident of Premature Burial.
The kobold demonologist closely misses you.
The manticore barely misses you.
The manticore claws you but does no damage.
The manticore completely misses you.
You puncture the kobold demonologist with the +4 trident of Premature Burial!
You burn the kobold demonologist.
The kobold demonologist is heavily wounded.
You slash the kobold demonologist with your +4 scimitar of chaos!
The kobold demonologist is poisoned.
The kobold demonologist hits you but does no damage.
The manticore completely misses you. x2
The manticore claws you but does no damage.
You puncture the kobold demonologist with the +4 trident of Premature Burial!
You burn the kobold demonologist.
You kill the kobold demonologist! "Serve the mortal, my child!"
The two-headed ogre barely misses your white imp.
The two-headed ogre hits your white imp with a +0 dire flail!
The manticore misses you. The manticore barely misses you.
The manticore misses you.
You slash the manticore with your +4 scimitar of chaos!
The manticore seems to grow stronger.
The manticore is moderately wounded.
You puncture the manticore with the +4 trident of Premature Burial!
You burn the manticore. The manticore bites you!!
* * * LOW HITPOINT WARNING * * *
The manticore barely misses you. The manticore claws you.
* * * LOW HITPOINT WARNING * * *
The two-headed ogre hits your white imp with a +0 giant club!!
Your white imp dies!
Your white imp disappears in a puff of smoke!
You take 29 damage, and have 12/92 hp.
MASSIVE DAMAGE!!
You puncture the manticore with the +4 trident of Premature Burial!
You burn the manticore.
The manticore is severely wounded.
You hit the manticore but do no damage. The manticore bites you!!
You die...
Xom bursts into laughter!

#####...#B#K.#.. .##.O#B#..#
#####...#W#.~#|$...#~$#.#..#
........#.#..##...##..#.#..#
###.##..##..~.#.$##....##..#
#.###..##..#.###$#..##..##
###.# ##..##ß~.$.B.zß##..##
....# #....##..YWB.O##...#
##### #.##..##y###O##..#.#
..#
#.###..##H@§##..##.######
#.# #.#
##..#####..###......# #.#
#.#####...©...## ######.#
#.# #..>.###......# #....#
#.# ####.# ###)##.##
#.###### #.# #.#####.....##
#.# #. #.# #.#^....)###.##
#.# #. #.# #.#.....## ##.#
#.# #. #.# ####.#.....# #.#
#.# #.


You could see 2 boulder beetles, 2 two-headed ogres, a manticore (strong), a
yak, a vampire mosquito and HilariousDeathArtist's ghost.

Vanquished Creatures
  2 two-headed ogres
  Pikel (D:6)
  2 cyclopes
  A gargoyle (D:11)
  3 kobold demonologists (D:11)
  A tyrant leech (D:10)
  A queen bee (shapeshifter) (D:11)
  Grinder (D:3)
  A troll (D:10)
  A hornet (D:9)
  Prince Ribbit (D:8)
  2 shadows
  A wraith (D:11)
  17 yaks
  A wyvern (D:7)
  3 steam dragons
  A water moccasin (D:5)
  3 acid dragons
  3 orc warriors
  A sky beast (D:8)
  A black bear (D:6)
  6 centaurs
  4 ogres
  A lemure (D:6)
  2 phantoms
  3 kobold brigands
  A bullfrog (D:9)
  2 gnoll sergeants
  6 scorpions
  9 wights
  14 killer bees
  2 electric eels (D:10)
  8 howler monkeys
  5 bombardier beetles
  A cerulean imp (D:5)
  2 orc priests (D:5)
  8 hounds
  5 jellies
  2 sleepcaps
  A gnoll bouda (D:6)
  Jessica (D:3)
  6 iguanas
  18 orc wizards
  Robin (D:3)
  7 adders
  8 gnolls
  A shadow imp (D:5)
  2 white imps
  4 dart slugs
  2 ribbon worms (D:2)
  32 orcs
  7 endoplasms
  2 giant cockroaches
  15 goblins
  8 hobgoblins
  10 jackals
  6 quokkas
  14 ball pythons
  3 bats
  6 frilled lizards
  17 kobolds
  4 rats
304 creatures vanquished.

Vanquished Creatures (collateral kills)
  A hobgoblin (D:3)
1 creature vanquished.

Vanquished Creatures (others)
  An iguana (D:5)
  An orc wizard (D:8)
  A hobgoblin (D:3)
  A kobold (D:8)
4 creatures vanquished.

Grand Total: 309 creatures vanquished

Notes
Turn   | Place    | Note
-------+----------+-------------------------------------------
     0 | D:1      | ezpacito the Coglin Chaos Knight began the quest for the
                  | Orb.
     0 | D:1      | Reached XP level 1. HP: 18/18 MP: 1/1
    45 | D:1      | Reached skill level 1 in Dodging
    97 | D:1      | XOM: butterfly on damage
    99 | D:1      | Reached XP level 2. HP: 20/24 MP: 2/2
   103 | D:1      | XOM: divination: magic mapping
   268 | D:1      | XOM: torment (13/24 hp)
   447 | D:1      | Reached XP level 3. HP: 29/29 MP: 3/3
   449 | D:1      | Found a faded altar of an unknown god.
  1107 | D:1      | XOM: draining
  1262 | D:2      | Reached XP level 4. HP: 29/34 MP: 4/4
  1769 | D:3      | Noticed Jessica
  1775 | D:3      | Killed Jessica
  1806 | D:3      | XOM: cast spell 'Metabolic Englaciation'
  1810 | D:3      | Reached XP level 5. HP: 42/42 MP: 6/6
  1820 | D:3      | Reached skill level 1 in Evocations
  1849 | D:3      | Noticed Grinder
  1855 | D:3      | XOM: confusion
  1857 | D:3      | Paralysed by Grinder for 4 turns
  1871 | D:3      | XOM: enchant monster (bad)
  1873 | D:3      | Killed Grinder
  1874 | D:3      | Reached skill level 1 in Polearms
  1874 | D:3      | Reached skill level 1 in Stealth
  1874 | D:3      | Reached skill level 1 in Spellcasting
  1874 | D:3      | Reached XP level 6. HP: 31/48 MP: 6/8
  2086 | D:3      | Noticed Robin
  2106 | D:3      | Killed Robin
  2249 | D:3      | Reached XP level 7. HP: 54/54 MP: 9/9
  3372 | D:4      | XOM: scenery: summon butterflies
  3379 | D:4      | XOM: polymorph butterfly -> electric eel
  3555 | D:4      | Reached XP level 8. HP: 61/61 MP: 11/11
  3921 | D:4      | Found a staircase to the Ecumenical Temple.
  3927 | Temple   | Entered the Ecumenical Temple
  3963 | D:5      | Entered Level 5 of the Dungeon
  4012 | D:5      | Gained mutation: Your muscles are strong. (Str +4, Int/Dex
                  | -1) [potion of mutation]
  4012 | D:5      | Gained mutation: Armour fits poorly on your strangely
                  | shaped body. [potion of mutation]
  4012 | D:5      | Gained mutation: You are agile. (Dex +4, Str/Int -1)
                  | [potion of mutation]
  4222 | D:5      | XOM: summons 5 hostile demons
  4341 | D:5      | Reached skill level 5 in Fighting
  4341 | D:5      | Reached skill level 5 in Axes
  4360 | D:5      | XOM: confuse monster(s)
  4391 | D:5      | XOM: destruction
  4571 | D:5      | XOM: polymorph adder -> rat
  4731 | D:5      | Learned a level 1 spell: Kiss of Death
  4734 | D:5      | Learned a level 2 spell: Lesser Beckoning
  4738 | D:5      | Learned a level 3 spell: Teleport Other
  4743 | D:5      | Learned a level 4 spell: Dispel Undead
  4899 | D:5      | XOM: polymorph jelly -> hobgoblin
  5214 | D:6      | Reached XP level 9. HP: 64/68 MP: 12/12
  5226 | D:6      | Found a snail-covered altar of Cheibriados.
  5235 | D:6      | Found an opulent altar of Gozag.
  5244 | D:6      | Noticed Pikel
  5251 | D:6      | Killed Pikel
  5252 | D:6      | Reached skill level 1 in Necromancy
  5252 | D:6      | Reached skill level 1 in Translocations
  5282 | D:6      | Found a radiant altar of Vehumet.
  5499 | D:6      | XOM: enchant monster (good)
  5528 | D:6      | XOM: polymorph adder -> rat
  5561 | D:6      | HP: 2/69 [acid (7)]
  5927 | D:6      | Found a shimmering blue altar of Sif Muna.
  6050 | D:6      | Found an ornate altar of the Wu Jian Council.
  6488 | D:7      | XOM: confuse monster(s)
  6560 | D:7      | Reached skill level 5 in Armour
  6582 | D:7      | XOM: confuse monster(s)
  6653 | D:7      | Found a glowing silver altar of Zin.
  6706 | D:7      | XOM: divination: detect items
  6782 | D:7      | XOM: fake destruction
  6783 | D:7      | XOM: scenery: summon butterflies
  6786 | D:7      | Reached XP level 10. HP: 60/76 MP: 14/14
  6793 | D:7      | XOM: polymorph butterfly -> river rat
  7126 | D:7      | Learned a level 2 spell: Mercury Vapours
  7130 | D:7      | Learned a level 3 spell: Mephitic Cloud
  7291 | D:7      | XOM: draining
  7292 | D:7      | Identified a scroll of acquirement
  7292 | D:7      | Acquired a +1 demon trident of flaming
  7493 | D:8      | Reached skill level 5 in Dodging
  7711 | D:8      | XOM: give mutations
  7711 | D:8      | Gained mutation: You have hidden genetic potential. [Xom's
                  | mischief]
  7711 | D:8      | Gained mutation: You are partially covered in iridescent
                  | scales. (AC +2) [Xom's mischief]
  7711 | D:8      | Gained mutation: You are strong-willed. (Will+) [Xom's
                  | mischief]
  7720 | D:8      | Found Xeupnir's Jewellery Shoppe.
  7720 | D:8      | Noticed Prince Ribbit
  7730 | D:8      | Killed Prince Ribbit
  7891 | D:8      | XOM: blink monster(s)
  7893 | D:8      | Reached skill level 5 in Evocations
  7961 | D:8      | XOM: stat loss: -1 Int (8/9)
  7973 | D:8      | XOM: chaos upgrade
  8217 | D:8      | Found a white marble altar of Elyvilon.
  8225 | D:8      | Reached skill level 1 in Alchemy
  8540 | D:8      | XOM: noise
  8577 | D:9      | Reached skill level 1 in Short Blades
  8625 | D:8      | XOM: silly message
  8627 | D:9      | XOM: torment (33/77 hp)
  8806 | D:9      | XOM: smoke on damage
  8819 | D:8      | Reached skill level 1 in Long Blades
  9052 | D:9      | Reached XP level 11. HP: 84/84 MP: 16/16
  9154 | D:9      | XOM: 1-stop teleportation journey
  9158 | D:9      | Gained mutation: You have an increased reservoir of magic.
                  | (+10% MP) [hidden potential]
  9194 | D:9      | XOM: potion effect (attraction)
  9444 | D:9      | Noticed a two-headed ogre
  9445 | D:9      | Found a runed translucent door.
  9451 | D:9      | Noticed a cyclops
  9474 | D:9      | Identified the +4 trident of Premature Burial {flame, rPois
                  | rN+ Dex+2}
  9788 | D:9      | XOM: cloud trail
  9810 | D:9      | XOM: cast spell 'Summon Ice Beast'
  9820 | D:9      | XOM: confuse monster(s)
  9919 | D:9      | XOM: divination: detect items
  9924 | D:9      | Killed a two-headed ogre
 10050 | D:9      | XOM: confuse monster(s)
 10091 | D:9      | XOM: confuse monster(s)
 10158 | D:9      | Killed a cyclops
 10221 | D:10     | Entered Level 10 of the Dungeon
 10316 | D:10     | XOM: cloud trail
 10384 | D:10     | Noticed a two-headed ogre
 10387 | D:10     | XOM: torment (48/84 hp)
 10391 | D:10     | Killed a two-headed ogre
 10461 | D:10     | Learned a level 3 spell: Gell's Gravitas
 10537 | D:10     | XOM: polymorph electric eel -> electric eel
 10598 | D:10     | XOM: polymorph howler monkey -> ogre
 10702 | D:10     | Found a shimmering altar of Xom.
 10889 | D:10     | Found Bopn's General Store.
 10934 | D:10     | Bought a +1 quick blade of venom for 275 gold pieces
 10934 | D:10     | Bought a scroll of silence for 104 gold pieces
 10934 | D:10     | Bought a scroll of poison for 44 gold pieces
 10934 | D:10     | Bought a scroll of noise for 11 gold pieces
 10934 | D:10     | Bought a scroll of identify for 22 gold pieces
 10934 | D:10     | Bought a scroll of identify for 22 gold pieces
 10934 | D:10     | Bought a scroll of identify for 22 gold pieces
 10934 | D:10     | Bought a wand of flame (12) for 92 gold pieces
 10934 | D:10     | Bought a scroll of fear for 44 gold pieces
 11044 | D:10     | Found a staircase to the Lair.
 11123 | D:10     | Identified the +0 plate armour of Midwinter {Stlth+}
 11463 | D:11     | Noticed a two-headed ogre
 11664 | D:10     | a two-headed ogre changed into a tyrant leech
 11664 | D:10     | XOM: polymorph two-headed ogre -> tyrant leech
 11744 | D:11     | XOM: noise
 11800 | D:11     | Noticed a cyclops
 11801 | D:11     | XOM: 2-stop teleportation journey
 11854 | D:11     | Found a transporter.
 11972 | D:11     | XOM: summons 4 hostile shadow creatures
 11973 | D:11     | Noticed a two-headed ogre
 11973 | D:11     | XOM: smoke on damage
 12062 | D:11     | Reached XP level 12. HP: 36/92 MP: 20/20
 12472 | D:11     | Found a transporter.
 12472 | D:11     | Noticed a two-headed ogre
 12473 | D:11     | Noticed a two-headed ogre
 12473 | D:11     | Noticed a boulder beetle
 12475 | D:11     | Noticed HilariousDeathArtist's ghost (journeyman DsSh)
 12484 | D:11     | Noticed a two-headed ogre
 12486 | D:11     | Noticed a boulder beetle
 12753 | D:11     | XOM: summons 1 hostile demon
 12823 | D:11     | XOM: summons friendly white imp
 12825 | D:11     | Mangled by a manticore

Illustrated notes

Levels and vault maps discovered:
D:1:      eino_arrival_cavern_b, layout_basic, basic_ecumenical_altar,
          minmay_liquid_box, minmay_misc_feat_tiny
D:2:      layout_rooms, serial_forest, infiniplex_forest_clump_large,
          infiniplex_forest_corner_1, infiniplex_forest_straight_4,
          infiniplex_forest_diagonal, infiniplex_forest_clump_double,
          infiniplex_forest_clump_long, minmay_misc_feat_enclosed
D:3:      layout_basic, uniq_jessica, uniq_robin, uniq_grinder
D:4:      layout_basic, minmay_temple_entry_fiery, nzn_random_ring
D:5:      layout_basic
D:6:      layout_loops_ring, kennysheep_orc_sif_temple, lemuel_crystal_altar,
          mainiacjoe_overflow_concentric_impassable, nicolae_overflow_squiral,
          uniq_pikel
D:7:      layout_loops_ring, mainiacjoe_overflow_tiny_flanked
D:8:      layout_loops_ring, old_standard_altar, serial_shops, shop,
          uniq_prince_ribbit1
D:9:      layout_rooms, minmay_st_funbox, minmay_increasing_density
D:10:     layout_basic, amcnicky_altar_gilded, lair_entry_dummy, serial_shops,
          nicolae_inconvenience_store, minmay_misc_feat_ornament
D:11:     layout_loops_ring, nzn_ghost_randoct
Temple:   minmay_temple_curvy_branch

Skill      XL: |  1  2  3  4  5  6  7  8  9 10 11 |
---------------+----------------------------------+-----
Dodging        | 1 2 3 4 5 6 |  6.6
Armour         | 2 3 4 5 6 |  6.5
Evocations     | 1 2 3 4 5 6 |  6.2
Fighting       | 4 5 6 7 |  7.8
Axes           | 4 5 6 7 |  7.8
Polearms       | 1 2 3 4 |  4.4
Stealth        | 1 2 3 4 |  4.0
Spellcasting   | 1 2 3 4 |  4.1
Necromancy     | 1 2 3 |  3.8
Translocations | 1 2 3 |  3.6
Alchemy        | 1 2 |  2.9
Short Blades   | 1 2 |  2.6
Long Blades    | 1 3 |  3.7

Action                     |  1- 3 |  4- 6 |  7- 9 | 10-12 || total
---------------------------+-------+-------+-------+-------++-------
  Melee: Hand axe          |    74 |    84 |   381 |    80 ||   619
         Dagger            |    70 |    79 |   363 |     7 ||   519
         Demon trident     |       |       |       |   191 ||   191
         Scimitar          |       |       |       |   185 ||   185
         Trident           |       |       |       |   121 ||   121
  Evoke: Wand              |       |       |     7 |     8 ||    15
    Use: Potion            |       |     3 |     5 |     3 ||    11
         Scroll            |       |       |    11 |    26 ||    37
   Stab: Sleeping          |     1 |       |     7 |     4 ||    12
         Paralysed         |       |     2 |       |     2 ||     4
         Confused          |       |     2 |     8 |     3 ||    13
         Petrified         |       |       |     3 |       ||     3
         Petrifying        |       |       |     2 |     2 ||     4
         Distracted        |       |       |     1 |     1 ||     2
         Fleeing           |       |       |       |     1 ||     1
 Armour: Leather armour    |    57 |    64 |    14 |       ||   135
         Robe              |       |       |   253 |   175 ||   428
         Acid dragon scale |       |       |       |    75 ||    75
  Dodge: Dodged            |    62 |    65 |   300 |   278 ||   705

Table legend: (Time is in decaauts)
 A = Elapsed time spent in this place.
 B = Non-inter-level travel time spent in this place.
 C = Inter-level travel time spent in this place.
 D = Time resting spent in this place.
 E = Time spent auto-exploring this place.
 F = Levels seen in this place.
 G = Mean time per level.
                   A        B        C        D        E       F      G
               +--------+--------+--------+--------+--------+-----+--------+
         Total |  12888 |  12249 |    639 |   1023 |   8822 |  12 | 1074.0 |
       Dungeon |  12886 |  12247 |    639 |   1023 |   8822 |  11 | 1171.5 |
        Temple |      1 |      1 |      0 |      0 |      0 |   1 |    1.0 |
               +--------+--------+--------+--------+--------+-----+--------+

Top non-repeatable levels by time:
     D:8: 1634 daAuts
    D:10: 1522 daAuts
     D:9: 1241 daAuts
     D:6: 1240 daAuts
     D:5: 1215 daAuts
     D:1: 1181 daAuts
     D:3: 1118 daAuts
    D:11: 1102 daAuts
     D:4: 1098 daAuts
     D:7: 933 daAuts
     D:2: 598 daAuts
  Temple: 1 daAuts
